 Dungeon Crawl Stone Soup version 0.28.0-43-g3370ac3207 (webtiles) character file.

Game seed: 3087368657791404315

43 NinjaNoafa the Vexing (level 3, -1/20 HPs)
             Began as a Kobold Arcane Marksman on Apr 1, 2022.
             Was a Follower of Okawaru.
             Succumbed to an adder's poison
             ... on level 3 of the Dungeon.
             The game lasted 00:05:56 (2438 turns).

NinjaNoafa the Vexing (Kobold Arcane Marksman)      Turns: 2438, Time: 00:05:57

Health: -1/20      AC:  2    Str:  7    XL:     3   Next: 82%
Magic:  5/5        EV: 15    Int: 16    God:    Okawaru [*.....]
Gold:   102        SH:  0    Dex: 15    Spells: 4/5 levels left

rFire   . . .      SeeInvis .   n - +2 long sword (elec)
rCold   . . .      Faith    .   (no shield)
rNeg    . . .      Spirit   .   d - +0 robe
rPois   .          Reflect  .   (no helmet)
rElec   .          Harm     .   (no cloak)
rCorr   +          Rampage  .   (no gloves)
Will    .....                   (no boots)
Stlth   +++.......              (no amulet)
HPRegen 0.06/turn               e - ring of resist corrosion
MPRegen 0.09/turn               (no ring)

@: lethally poisoned (-1 -> -4)
A: small, no large weapons, nightstalker 3
a: Renounce Religion, Heroism


You were on level 3 of the Dungeon.
You worshipped Okawaru.
Okawaru was aware of your devotion.
You visited 1 branch of the dungeon, and saw 3 of its levels.

You collected 102 gold pieces.

Inventory:

Hand Weapons
 a - a +0 hand crossbow
 g - a +0 dagger
 n - a +2 long sword of electrocution (weapon)
Missiles
 c - 29 bolts
 m - 11 poisoned darts (quivered)
Armour
 d - a +0 robe (worn)
 i - a +0 leather armour
Jewellery
 e - a ring of resist corrosion (left hand)
 l - a ring of protection from cold
Potions
 b - 2 potions of mutation {unknown}
 f - a potion of degeneration {unknown}
 h - a potion of flight {unknown}
 j - a potion of resistance {unknown}


   Skills:
 + Level 1.6 Fighting
 + Level 2.9 Crossbows
 + Level 2.8 Dodging
 + Level 1.7 Stealth
 + Level 1.7 Spellcasting
 + Level 3.2 Hexes


You had 4 spell levels left.
You knew the following spells:

 Your Spells              Type           Power      Damage    Failure   Level
a - Slow                  Hex            44%        N/A       5%          1

Your spell library contained the following spells:

 Spells                   Type           Power      Damage    Failure   Level
 Inner Flame              Hex/Fire       6%         N/A       32%         3
 Portal Projectile        Hex/Tloc       12%        N/A       32%         3
 Cause Fear               Hex            5%         N/A       50%         4


Dungeon Overview and Level Annotations

Branches:
Dungeon (3/15)

Altars:
Okawaru


Innate Abilities, Weirdness & Mutations

You are small and have problems with some larger weapons.
You are completely attuned to the shadows.


Message History

The orc wizard hits you with a +0 dagger.
You barely miss the orc wizard.
The orc wizard casts a spell.
The orc wizard flickers and vanishes!
Deactivating autopickup; reactivate with Ctrl-A.
The orc barely misses you. The orc hits you but does no damage.
As you read the scroll labelled OPUURE NIAS, it crumbles to dust.
You feel strangely unstable.
It was a scroll of teleportation.
Something hits you. The orc barely misses you. The orc hits you with a +0 club.
You hit the orc. Lightning courses through the orc!
You kill the orc!
Okawaru accepts your kill. Something hits you. x2
You closely miss something. The orc closely misses you.
The orc hits you with a +0 club.
You hear some strange, mumbled words.
Something tries to affect you, but you resist.
The orc barely misses you. x2
You miss something.
Your surroundings suddenly seem different.
An adder and a ball python come into view.
Found 10 gold pieces.
The adder hisses angrily.
The adder closely misses you. x2
You barely miss the adder. The adder bites you.
You are poisoned.
The adder poisons you! The adder bites you.
* * * LOW HITPOINT WARNING * * *
You slash the adder!
The adder is almost dead.
* * * LOW HITPOINT WARNING * * *
You feel sick. The adder bites you but does no damage.
You miss the adder.
The adder is almost dead.
* * * LOW HITPOINT WARNING * * *
You feel sick. The adder bites you but does no damage.
The adder completely misses you.
You closely miss the adder.
The adder is almost dead.
You die...

#. #.
#..S....
#.
#.......
#.
#.......
#.
#.......
#.
#.......
##
#.......
#S@....$
########


You could see an adder.

Vanquished Creatures
  An adder (D:2)
  2 orcs (D:3)
  4 endoplasms
  2 giant cockroaches
  5 goblins
  5 hobgoblins
  2 jackals (D:1)
  A ball python (D:3)
  2 bats (D:2)
  A frilled lizard (D:1)
  A kobold (D:2)
  3 rats
29 creatures vanquished.

Notes
Turn   | Place    | Note
-------+----------+-------------------------------------------
     0 | D:1      | NinjaNoafa the Kobold Arcane Marksman began the quest for
                  | the Orb.
     0 | D:1      | Reached XP level 1. HP: 12/12 MP: 2/2
   111 | D:1      | Reached XP level 2. HP: 16/16 MP: 3/3
   142 | D:1      | Reached skill level 1 in Stealth
   788 | D:2      | Reached XP level 3. HP: 14/20 MP: 2/5
   885 | D:2      | Found a faded altar of an unknown god.
   948 | D:2      | Prayed at the altar of an unknown god.
   948 | D:2      | Became a worshipper of Warmaster Okawaru
   948 | D:2      | Reached * piety under Okawaru
  2437 | D:3      | HP: 1/20 [poisoned by an adder]
  2438 | D:3      | Succumbed to an adder's poison

Illustrated notes

Levels and vault maps discovered:
D:1:      dpeg_arrival_orchard, layout_rooms
D:2:      layout_basic, shapermc_ecumenical_altar_totnotflames
D:3:      layout_basic, amcnicky_altar_gilded, uniq_jessica

Skill      XL: |  1  2 |
---------------+-------+-----
Stealth        | 1 |  1.7
Fighting       | |  1.6
Crossbows      | |  2.9
Dodging        | |  2.8
Spellcasting   | |  1.7
Hexes          | |  3.2

Action                   || total
-------------------------++-------
Melee: Long sword        ||    14
       Dagger            ||     4
 Fire: Hand crossbow     ||    47
 Cast: Slow              ||     5
  Use: Scroll            ||     1
Armor: Robe              ||     4
Dodge: Dodged            ||    32
